AoeStats
← Fede_II

Arena

509572770Analyzed
1v1 RM · 3d ago on Sep 27, 2026· 39m 10s· 2 players
Game mode
Random Map
Map size
Tiny (2 player)
Population
200
Speed
Normal
Resources
Standard
Victory
Conquest
Starting age
Dark Age
Ending age
Imperial Age
RankedLock teamsTeams togetherTeam positionsShared explorationLock speedFull tech treeHidden civsTurbo modeCheats
Victory
Defeat
🇬🇧 Bohemians · United Kingdom
1092
+14
🇨🇭 Armenians · Switzerland
1058
-14
Fede_II
10:56 Feudal Age
15:07 Castle Age
13:10 Horse Collar
13:55 Double-Bit Axe
14:10 Man-at-Arms
15:04 Long Swordsman
21:33 Forging
21:48 Two-Handed Swordsman
22:45 Gold Mining
25:55 Bow Saw
26:19 Devotion
30:31 Imperial Age
28:12 Heavy Plow
29:08 Gambesons
29:48 Loom
30:35 Capped Ram
31:41 Champion
32:35 Scale Mail Armor
33:02 Elite Skirmisher
35:01 Fletching
35:28 Town Watch
38:35 Bodkin Arrow
39:17 Iron Casting
39:32 Fereters
key
10:23 Feudal Age
10:45 Feudal Age
11:27 Loom
11:50 Town Watch
12:24 Double-Bit Axe
15:01 Castle Age
13:39 Horse Collar
15:59 Bow Saw
17:15 Fervor
19:43 Sanctity
22:47 Wheelbarrow
23:25 Fletching
24:27 Bodkin Arrow
31:44 Imperial Age
30:22 Chemistry
29:37 Padded Archer Armor
30:26 Devotion
31:26 Masonry
32:16 Leather Archer Armor
32:52 Conscription
34:24 Bracer
34:30 Heavy Plow
35:21 Hand Cart
36:28 Murder Holes
38:05 Ring Archer Armor
39:25 Block Printing
39:45 Town Patrol
Connection lost

Rejoining the realm…

Still unreachable

The connection could not be restored.

Session expired

The server has moved on; the page needs a fresh start.